 Dungeon Crawl Stone Soup version coffee-0.2.0 (webtiles) character file.

Game seed: 15622387035153830408, levelgen mode: deterministic

2555 Dorkslayer the Carver (level 9, -10/79 HPs)
             Began as a Minotaur Fighter on Oct 27, 2020.
             Mangled by a red ugly thing (16 damage)
             ... on level 7 of the Dungeon.
             The game lasted 00:20:00 (4548 turns).

Dorkslayer the Carver (Minotaur Fighter)            Turns: 4548, Time: 00:20:01

Health: -10/79     AC: 14    Str: 24    XL:     9   Next: 31%
Magic:  8/8        EV:  9    Int:  5    God:
Gold:   232        SH: 12    Dex: 10    Spells: 8/8 levels left

rFire    . . .     SeeInvis +   x - +2 double sword (freeze)
rCold    . . .     Gourm    +   c - +0 kite shield
rNeg     . . .     Faith    .   F - +0 plate armour
rPois    .         Spirit   .   (helmet restricted)
rElec    .         Reflect  .   (no cloak)
rCorr    +         Harm     .   (no gloves)
MR       .....                  (no boots)
Stlth    ..........             C - amulet of the gourmand
HPRegen  0.23/turn              j - ring of see invisible
MPRegen  0.11/turn              s - ring of resist corrosion (curse)

@: no status effects
A: retaliatory headbutt, horns 2
a: no special abilities


You were on level 7 of the Dungeon.
You were completely stuffed.

You visited 2 branches of the dungeon, and saw 8 of its levels.

You collected 328 gold pieces.
You spent 96 gold pieces at shops.

Inventory:

Hand Weapons
 a - a +0 long sword
 n - a +0 double sword
 x - a +2 double sword of freezing (weapon)
Missiles
 d - 2 throwing nets (quivered)
 E - 3 boomerangs
Armour
 c - a +0 kite shield (worn)
 F - a +0 plate armour (worn)
Jewellery
 b - an uncursed amulet of magic regeneration
 j - a ring of see invisible (left hand)
 s - a cursed ring of resist corrosion (right hand)
 C - an amulet of the gourmand (around neck)
Wands
 y - a wand of paralysis (12)
Scrolls
 e - a scroll of blinking
 h - 3 scrolls of holy word
 k - a scroll of immolation
 m - 2 scrolls of fear
 q - 9 scrolls of teleportation
 t - 2 scrolls of fog
 u - 2 scrolls of enchant armour
 v - a scroll of remove curse
 w - a scroll of silence
 B - 2 scrolls of amnesia
Potions
 l - 5 potions of curing
 o - a potion of invisibility
 p - 5 potions of brilliance
 r - 2 potions of flight
 z - a potion of haste
 A - 2 potions of stabbing
 D - a potion of mutation
Comestibles
 f - 16 rations
 i - 28 chunks of flesh


   Skills:
 + Level 7.3(10.0) Fighting
 + Level 10.3 Long Blades
 + Level 6.2(9.6) Armour
 + Level 2.7(7.9) Dodging
 + Level 1.7(6.4) Stealth
 + Level 7.4(10.0) Shields


You had 8 spell levels left.
You didn't know any spells.
Your spell library contained the following spells:

 Spells                   Type           Power        Failure   Level  Hunger
 Beastly Appendage        Tmut           #.....       100%        1    ##.....
 Foxfire                  Conj/Fire      #...         100%        1    ##.....
 Magic Dart               Conj           #...         100%        1    ##.....
 Searing Ray              Conj           #.....       100%        2    ###....
 Sticks to Snakes         Tmut           #.......     100%        2    ###....
 Conjure Flame            Conj/Fire      #.......     100%        3    ####...
 Dazzling Flash           Conj/Hex       #.....       100%        3    ####...
 Inner Flame              Hex/Fire       #.......     100%        3    ####...
 Spider Form              Tmut/Pois      #.........   100%        3    ####...
 Fulminant Prism          Conj/Hex       #.........   100%        4    #####..
 Ice Form                 Ice/Tmut       #.......     100%        4    #####..
 Iskenderun's Mystic Bla  Conj/Tloc      #.......     100%        4    #####..
 Sticky Flame             Conj/Fire      #.......     100%        4    #####..
 Blade Hands              Tmut           #.........   100%        5    ######.
 Fireball                 Conj/Fire      #.........   100%        5    ######.


Dungeon Overview and Level Annotations

Branches:
Dungeon (7/10)             Temple (1/1) D:2

Altars:
Ashenzari
Cheibriados
Dithmenos
Elyvilon
Fedhas
Gozag
Hepliaklqana
Kikubaaqudgha
Makhleb
Nemelex Xobeh
Qazlal
Ru
Sif Muna
Trog
Uskayaw
Vehumet
Wu Jian
Xom
Yredelemnul
Zin
The Shining One

Shops:
D:2 !


Innate Abilities, Weirdness & Mutations

You reflexively headbutt those who attack you in melee.
You have a pair of horns on your head.


Message History

You hit the red ugly thing. You freeze the red ugly thing.
You headbutt the red ugly thing!
The red ugly thing is severely wounded.
The red ugly thing engulfs you!
You are engulfed in flames!
* * * LOW HITPOINT WARNING * * *
You hit the red ugly thing. You freeze the red ugly thing.
The red ugly thing is severely wounded.
You block the red ugly thing's attack.
You slash the red ugly thing! You freeze the red ugly thing.
Your headbutt misses the red ugly thing.
The red ugly thing is almost dead.
You block the red ugly thing's attack.
Your shield and plate armour prevent you from hitting the red ugly thing.
The red ugly thing is almost dead.
The red ugly thing engulfs you but does no damage.
Okay, then.
The red ugly thing engulfs you!
* * * LOW HITPOINT WARNING * * *
You are engulfed in flames!
You die...

....#..## #..#
....#..... ..#
....#.##### #.# ....#.#
#.######### ...##.#
#....#.....
......#######......####
..##)....)............#
..##.####..##...u..##...
.###.####..##...@#.#
.###.##......##.##...
........#..#.##.# ###
.#.#............#
.#.######.......# ##.#
#.......# #)# #.......#
##[### #.......# .....#
#.......#


You could see a red ugly thing.

Vanquished Creatures
  A water moccasin (D:5)
  4 sky beasts
  An orc warrior (D:7)
  A phantom (D:3)
  3 ogres
  A centaur (D:6)
  2 bullfrogs (D:6)
  A scorpion (D:6)
  A howler monkey (D:6)
  A bullfrog zombie (D:5)
  A centaur zombie (D:6)
  2 crimson imps
  8 orc priests
  6 hounds
  2 jellies
  5 orc wizards
  Jessica (D:3)
  2 bullfrog skeletons
  3 iguanas
  7 worker ants
  3 hound skeletons
  A worker ant zombie (D:5)
  6 adders
  7 gnolls
  2 worms (D:3)
  A dart slug (D:5)
  3 leopard geckos
  26 orcs
  A ball python (D:1)
  9 giant cockroaches
  13 goblins
  13 hobgoblins
  3 quokkas
  5 bats
  A frilled lizard (D:3)
  4 kobolds
  A quokka skeleton (D:4)
  8 rats
160 creatures vanquished.

Vanquished Creatures (others)
  An orc (D:3)
1 creature vanquished.

Grand Total: 161 creatures vanquished

Notes
Turn   | Place    | Note
-------+----------+-------------------------------------------
     0 | D:1      | Dorkslayer the Minotaur Fighter began the quest for the
                  | Orb.
     0 | D:1      | Reached XP level 1. HP: 19/19 MP: 0/0
   179 | D:1      | Reached XP level 2. HP: 27/27 MP: 1/1
   830 | D:2      | Found Taacza's Distillery.
   843 | D:2      | Bought a potion of curing for 36 gold pieces
   843 | D:2      | Bought a potion of heal wounds for 60 gold pieces
   854 | D:2      | Found a staircase to the Ecumenical Temple.
   861 | D:2      | Reached skill level 3 in Long Blades
   868 | Temple   | Entered the Ecumenical Temple
   979 | D:2      | Reached XP level 3. HP: 28/33 MP: 2/2
  1334 | D:2      | Found a faded altar of an unknown god.
  1472 | D:3      | Reached XP level 4. HP: 40/40 MP: 3/3
  1573 | D:3      | Noticed a phantom
  1581 | D:3      | Reached skill level 1 in Dodging
  1584 | D:3      | Reached skill level 4 in Long Blades
  1595 | D:3      | Killed a phantom
  1595 | D:3      | Reached XP level 5. HP: 43/47 MP: 4/4
  1661 | D:3      | Reached skill level 5 in Long Blades
  1736 | D:3      | Reached XP level 6. HP: 53/53 MP: 5/5
  1860 | D:3      | Noticed Jessica
  1879 | D:3      | Killed Jessica
  1883 | D:3      | Reached skill level 6 in Long Blades
  2211 | D:4      | Reached skill level 5 in Armour
  2211 | D:4      | Reached XP level 7. HP: 60/60 MP: 6/6
  2212 | D:4      | Reached skill level 5 in Fighting
  2212 | D:4      | Reached skill level 5 in Shields
  2298 | D:4      | You fall into a shaft and drop 2 floors!
  2383 | D:5      | Entered Level 5 of the Dungeon
  2383 | D:5      | Found a blossoming altar of Fedhas.
  2394 | D:5      | Reached skill level 7 in Long Blades
  2459 | D:5      | Reached skill level 8 in Long Blades
  2459 | D:5      | Reached skill level 1 in Stealth
  2459 | D:5      | Reached XP level 8. HP: 46/69 MP: 7/7
  3715 | D:6      | Reached skill level 9 in Long Blades
  4079 | D:6      | Reached XP level 9. HP: 78/78 MP: 8/8
  4322 | D:7      | Reached skill level 10 in Long Blades
  4535 | D:7      | Noticed a red ugly thing
  4548 | D:7      | Mangled by a red ugly thing

Levels and vault maps discovered:
D:1:      elethiomel_arrival_maze, layout_basic, minmay_splitting_lines,
          nrook_mini_backslash, minivault_24, minmay_pentomino_x2
D:2:      layout_loops_ring, minmay_temple_entry_overgrown, serial_shops, shop,
          chequers_ecumenical_altar_simple_redux, first_ration
D:3:      cheibrodos_helix_gallery, layout_basic, minmay_joined_circles,
          uniq_jessica
D:4:      layout_cave_pools
D:5:      layout_basic, basic_altar
D:6:      layout_basic, serial_park_tiny_pond, kennysheep_generic_room_11
D:7:      layout_loops_cross, old_standard_altar, serial_shops,
          nicolae_shop_trees
Temple:   regret_index_temple_sigil_plot

Skill      XL: |  1  2  3  4  5  6  7  8  9 |
---------------+----------------------------+-----
Fighting       | 4 5 6 7 |  7.3
Armour         | 4 5 6 |  6.2
Shields        | 4 5 6 7 |  7.4
Long Blades    | 3 4 5 6 8 9 10 | 10.3
Dodging        | 1 2 |  2.7
Stealth        | 1 |  1.7

Action                   |  1- 3 |  4- 6 |  7- 9 || total
-------------------------+-------+-------+-------++-------
Melee: Long sword        |    44 |       |       ||    44
       Headbutt          |     5 |    26 |    27 ||    58
       Double sword      |    26 |   113 |   184 ||   323
Throw: Throwing net      |       |       |     1 ||     1
  Use: Potion            |       |     4 |       ||     4
       Scroll            |       |       |     1 ||     1
 Stab: Invisible         |       |     2 |       ||     2
       Held in net/web   |       |       |     1 ||     1
  Eat: Chunk             |     2 |     2 |    14 ||    18
       Ration            |       |       |     1 ||     1
Armor: Scale mail        |    24 |    35 |    28 ||    87
       Chain mail        |       |       |    15 ||    15
       Plate armour      |       |       |     3 ||     3
Dodge: Dodged            |    26 |    51 |    47 ||   124
Block: Kite shield       |    29 |    48 |    89 ||   166
       Rpst.: Long sword |     5 |       |       ||     5
       Double sword      |     4 |    10 |    21 ||    35
